Unix NetHack Version 5.0.0-0 post-release - last build Jul 14 2026 02:55:29 (1809b74e8187c3a3585e283601c3028b46cbbdcb,branch:main).

Game began 2026-07-14 21:00:20, ended 2026-07-14 21:10:46.

Atrocia, lawful male human Knight

                                                    >..
                                                   ....
                                                  .....
                                                 .....
                                                ..@).
                                                -<..-
                                                --.--

Atrocia the Esquire      St:14 Dx:9 Co:13 In:9 Wi:15 Ch:18  Lawful
Dlvl:5  $:79 HP:0(31) Pw:16(16) AC:1  Xp:3 T:1333  Burdened

Latest messages:
 You have a little trouble lifting A - a scimitar.
 B - a food ration.
 In what direction? 1
 Whoops...
 A little dart shoots out at you!
 A little dart misses you.
 In what direction? .
 You disarm the trap.
 The iguana misses!
 You miss the iguana.
 You hit the iguana.
 The iguana bites!
 You hit the iguana.
 The iguana bites!
 You kill the iguana!
 You have a little trouble lifting C - a tin wand.
 The saddled pony drops a dart.
 What do you want to write with? [- abmnryAC or ?*] -
 You write in the dust with your fingertip.
 What do you want to write in the dust here? Elbereth
 What do you want to write with? [- abmnryAC or ?*] ?
 The engraving on the floor vanishes!
 You write in the dust with a tin wand.
 What do you want to write in the dust here? Elbereth
 What do you want to call? [io-tvzC or ?*] ?
 Call a tin wand: vanish1
 You fall down the stairs.
 The saddled pony hits it.
 The saddled pony bites it.
 The saddled pony hits it.
 The saddled pony bites it.
 It swings its aklys at the saddled pony.
 It misses the saddled pony.
 The saddled pony misses it.
 The saddled pony misses it.
 The saddled pony hits it.
 You see here an aklys.
 You are hit by a rock.
 The hobbit swings his sling.
 The hobbit hits!
 The saddled pony misses the hobbit.
 The saddled pony misses the hobbit.
 The hobbit swings his sling.
 The hobbit hits!
 You hear some noises.
 You are almost hit by an aklys.
 The aklys returns to its hand!
 You are hit by an aklys!
 You die...
 Do you want your possessions identified? [ynq] (y) q

Inventory:
 Coins    ('$')
  $ - 79 gold pieces
 Weapons  (')')
  m - 6 +0 arrows
  a - a corroded +1 long sword (weapon in right hand)
  A - a +0 scimitar
  b - a +1 lance (alternate weapon; not wielded)
 Armor    ('[')
  d - an uncursed +0 helmet (being worn)
  f - an uncursed +0 pair of leather gloves (being worn)
  t - an uncursed +1 pair of water walking boots (being worn)
  e - a blessed +0 small shield (being worn)
  c - an uncursed +1 ring mail (being worn)
 Comestibles  ('%')
  w - an uncursed slime mold
  g - 11 uncursed apples
  h - 12 uncursed carrots
  j - 2 uncursed cram rations
  B - an uncursed food ration
 Scrolls  ('?')
  i - an uncursed scroll of confuse monster
  p - an uncursed scroll of enchant armor
  o - a blessed scroll of stinking cloud
  s - a blessed scroll of teleportation
 Potions  ('!')
  q - an uncursed potion of paralysis
  v - an uncursed potion of restore ability
  z - an uncursed potion of water
 Wands    ('/')
  C - a wand of cancellation (0:3)
  n - a wand of light (0:12)
 Tools    ('(')
  y - a magic marker (0:39)
 Gems/Stones  ('*')
  r - an uncursed topaz stone

Atrocia the Knight's attributes:

Background:
 You were an Esquire, a level 3 male human Knight.
 You were lawful, on a mission for Lugh
 who was opposed by Brigit (neutral) and Manannan Mac Lir (chaotic).
 You were right-handed.
 You were in the Gnomish Mines, on level 5.
 You entered the dungeon 1333 turns ago.
 There was a new moon in effect when your adventure ended.
 You had 49 experience points, 31 more were needed to attain level 4.

Basics:
 You had 0 out of 31 hit points.
 You had all 16 energy points (spell power).
 Your armor class was 1.
 Your wallet contained 79 zorkmids.
 Autopickup was on for '$"?+!=/' plus thrown.

Final Characteristics:
 Your strength was 14 (limit:18/100).
 Your dexterity was 9 (limit:18).
 Your constitution was 13 (limit:18).
 Your intelligence was 9 (limit:18).
 Your wisdom was 15 (limit:18).
 Your charisma was 18 (limit:18).

Final Status:
 You weren't hungry.
 You were burdened; movement was slightly slowed.
 You were wielding a long sword.
 You had basic skill with long sword.

Final Attributes:
 You were devoutly aligned.
 You could jump.
 You could walk on water.
 You were warded.
 You are dead.

Miscellaneous:
 You didn't encounter any bones levels.
 Total elapsed playing time was 10 minutes and 25 seconds.

Major events:
 Turn
    1: Atrocia the lawful male human Knight entered the dungeon
 1237: attained the rank of Esquire (level 3)
 1319: entered the Gnomish Mines
 1333: killed by an aklys

You didn't know any spells.

Skills:
 Fighting Skills
   bare handed combat [Unskilled]
   two weapon combat  [Unskilled]
   riding             [Basic]
 Weapon Skills
   dagger             [Unskilled]
   knife              [Unskilled]
   axe                [Unskilled]
   pick-axe           [Unskilled]
   short sword        [Unskilled]
   broadsword         [Unskilled]
   long sword         [Basic]
   two-handed sword   [Unskilled]
   saber              [Unskilled]
   club               [Unskilled]
   mace               [Unskilled]
   morning star       [Unskilled]
   flail              [Unskilled]
   hammer             [Unskilled]
   polearms           [Unskilled]
   spear              [Unskilled]
   trident            [Unskilled]
   lance              [Basic]
   bow                [Unskilled]
   crossbow           [Unskilled]
 Spellcasting Skills
   attack spells      [Unskilled]
   healing spells     [Unskilled]
   clerical spells    [Unskilled]

Voluntary challenges:
 Character rerolling was not enabled.
 You never genocided any monsters.
 You never polymorphed an object.
 You never changed form.
 You used no wishes.
Achievements:
 You entered a shop.
 You attained the rank of Esquire.
 You entered the Gnomish Mines.

 The Dungeons of Doom: levels 1 to 5
    Level 1:
       A fountain, a grave.
    Level 2:
       A food shop, a fountain.
    Level 3:
       An altar to Lugh.
    Level 4:
       Stairs down to The Gnomish Mines.
    Level 5:
 The Gnomish Mines:
    Level 5: <- You were here.
       Final resting place for
          you, killed by an aklys.


Vanquished creatures:
  2 orc zombies
  a dwarf zombie
 an iguana
  a hobgoblin
  a yellow mold
  a green mold
  2 gnomes
  a jackal
  3 goblins
  a sewer rat
  6 grid bugs
  a bat
  a kobold zombie
  4 newts
26 creatures vanquished.

No species were genocided or became extinct.

Game over:
                       ----------
                      /          \
                     /    REST    \
                    /      IN      \
                   /     PEACE      \
                  /                  \
                  |     Atrocia      |
                  |      79 Au       |
                  |   killed by an   |
                  |      aklys       |
                  |                  |
                  |                  |
                  |       2026       |
                 *|     *  *  *      | *
        _________)/\\_//(\/(/\)/\//\/|_)_______

Fare thee well Atrocia the Knight...

You died in The Gnomish Mines on dungeon level 5 with 478 points,
and 79 pieces of gold, after 1333 moves.
You were level 3 with a maximum of 31 hit points when you died.

